 Dungeon Crawl Stone Soup version 0.32-a0-913-g739538afd8 (webtiles) character file.

Game seed: 6116343864355462214

85 Hubris850 the Chopper (level 4, 0/34 HPs)
             Began as a Coglin Gladiator on Apr 9, 2024.
             Splashed by a jelly's acid (2 damage)
             ... on level 2 of the Dungeon.
             The game lasted 00:03:48 (1341 turns).

Hubris850 the Chopper (Coglin Gladiator)            Turns: 1341, Time: 00:03:49

Health: 0/34       AC:  0    Str: 16    XL:     4   Next: 48%
Magic:  4/4        EV: 11    Int:  8    God:
Gold:   124        SH:  0    Dex: 15    Spells: 3/3 levels left

rFire   . . .        a - +0 war axe {Egbert}
rCold   . . .        f - +0 dagger {Arun}
rNeg    . . .        b - +0 leather armour
rPois   .            c - +0 helmet
rElec   .            (no cloak)
rCorr   .            (no gloves)
SInv    .            (no boots)
Will    .....        (amulet unavailable)
Stlth   +            (ring unavailable)
HPRegen 0.25/turn    (ring unavailable)
MPRegen 0.09/turn    (no gizmo)

%: no passive effects
@: corroded, revving
A: off-hand wielding, slow wielding, warmup strikes, no jewellery
a: Invent Gizmo


You were on level 2 of the Dungeon.
You visited 1 branch of the dungeon, and saw 2 of its levels.

You collected 124 gold pieces.

Inventory:

Hand Weapons
 a - a +0 war axe (weapon) {Egbert}
 f - a +0 dagger (offhand) {Arun}
 k - a +0 sling
 n - a +0 sling
Missiles
 d - 3 throwing nets (quivered)
 e - a javelin
 h - 8 poisoned darts
Armour
 b - a +0 leather armour (worn)
 c - a +0 helmet (worn)
Magical Staves
 l - a staff of alchemy
Scrolls
 g - a scroll of identify {unknown}
 j - a scroll of enchant weapon {unknown}
 o - a scroll of teleportation {unknown}
Potions
 i - a potion of brilliance {unknown}
 m - 2 potions of enlightenment {unknown}


   Skills:
 - Level 2.6 Fighting
 + Level 3.6 Axes
 + Level 2.6 Throwing
 + Level 3.3 Dodging


You had 3 spell levels left.
You didn't know any spells.
Your spell library was empty.

Dungeon Overview and Level Annotations

Branches:
Dungeon (2/15)

Altars:

Shops:
D:2 :


Innate Abilities, Weirdness & Mutations

You can wield a second weapon in your off-hand.
It takes a long time for you to wield or remove held weapons.
Your first few attacks do less damage.
You cannot equip rings or amulets.


Message History

You barely miss the goblin with your +0 dagger.
The goblin is heavily wounded.
You barely miss the goblin with your +0 war axe.
The goblin hits you but does no damage. x2
You closely miss the goblin with your +0 dagger.
The goblin is heavily wounded.
You slash the goblin with your +0 war axe!
You kill the goblin!
Items here: )) [ †.
Okay, then.
h - 8 poisoned darts (gained 5)
You now have 124 gold pieces (gained 12).
You see here a staff of alchemy.
l - a staff of alchemy
m - 2 cyan potions A hobgoblin comes into view.
Found a sling.
You hit the hobgoblin with your +0 dagger.
The hobgoblin is moderately wounded.
You slash the hobgoblin with your +0 war axe!
You kill the hobgoblin!
No target in view!
No target in view!
No target in view!
You see here a +0 sling.
n - a +0 sling
o - a scroll labelled UDDICR BODAEK A jelly comes into view.
The jelly quivers.
The jelly hits you. The acid corrodes you!
You are splashed with acid!
You hit the jelly but do no damage.
Your graspers burn!
You hit the jelly with your +0 war axe.
Your graspers burn!
The jelly hits you.
You are splashed with acid!
* * * LOW HITPOINT WARNING * * *
You are too injured to fight recklessly!
You are too injured to fight recklessly!
You are too injured to fight recklessly!
You hit the jelly with your +0 dagger. The acid corrodes you!
Your graspers burn!
You die...

#....[###.#.∩......###.#.# ####
##..##...#...........##...# #
#..#####.................÷#######
#..# ###...........##.)...##...
#### ##............).........
#..........#.....##....
##........###....###...
#..........##.....##...
#.>...@....######......
#....J.....# ###.... #..........#
####. #..........# #.
##........## ## ##......##
########


You could see a jelly.

Vanquished Creatures
  Terence (D:2)
  An adder (D:2)
  3 dart slugs (D:1)
  4 ball pythons
  4 endoplasms
  2 giant cockroaches
  5 goblins
  6 hobgoblins
  5 quokkas
  2 bats
  3 frilled lizards
  2 kobolds (D:2)
  2 rats (D:1)
40 creatures vanquished.

Notes
Turn   | Place    | Note
-------+----------+-------------------------------------------
     0 | D:1      | Hubris850 the Coglin Gladiator began the quest for the Orb.
     0 | D:1      | Reached XP level 1. HP: 16/16 MP: 1/1
   124 | D:1      | Reached XP level 2. HP: 22/22 MP: 2/2
   368 | D:1      | Reached XP level 3. HP: 22/28 MP: 3/3
  1039 | D:2      | Reached XP level 4. HP: 31/34 MP: 4/4
  1062 | D:2      | Found Maruquell's Book Shoppe.
  1108 | D:2      | Noticed Terence
  1121 | D:2      | Killed Terence
  1341 | D:2      | Splashed by a jelly's acid

Illustrated notes

Levels and vault maps discovered:
D:1:      co_arrival_square_in_a_square_in_a_square, layout_loops_corners
D:2:      layout_rooms, serial_shops, shop, uniq_terence

Skill      XL: |  1  2 |
---------------+-------+-----
Throwing       | 2 |  2.6
Dodging        | 3 |  3.3
Fighting       | |  2.6
Axes           | |  3.6

Action                     |  1- 3 |  4- 6 || total
---------------------------+-------+-------++-------
  Melee: Dagger            |    58 |    12 ||    70
         War axe           |    64 |    11 ||    75
    Use: Scroll            |     3 |       ||     3
   Stab: Sleeping          |     2 |       ||     2
 Armour: Leather armour    |    63 |     7 ||    70
  Dodge: Dodged            |    39 |     4 ||    43

Table legend: (Time is in decaauts)
 A = Elapsed time spent in this place.
 B = Non-inter-level travel time spent in this place.
 C = Inter-level travel time spent in this place.
 D = Time resting spent in this place.
 E = Time spent auto-exploring this place.
 F = Levels seen in this place.
 G = Mean time per level.
                   A        B        C        D        E       F      G
               +--------+--------+--------+--------+--------+-----+--------+
         Total |   1353 |   1338 |     15 |      0 |   1054 |   2 |  676.5 |
       Dungeon |   1353 |   1338 |     15 |      0 |   1054 |   2 |  676.5 |
               +--------+--------+--------+--------+--------+-----+--------+

Top non-repeatable levels by time:
     D:1: 876 daAuts
     D:2: 477 daAuts
